 Dungeon Crawl Stone Soup version 0.28.0-1-gb440e238dd (webtiles) character file.

Game seed: 17597999049722227745

341 issech the Cudgeller (level 6, -1/28 (61) HPs)
             Began as a Troll Monk on Feb 26, 2022.
             Slain by Edmund (12 damage)
             ... on level 3 of the Dungeon.
             The game lasted 00:13:36 (3286 turns).

issech the Cudgeller (Troll Monk)                   Turns: 3286, Time: 00:13:36

HP:   -1/28 (61)    AC:  4    Str: 20    XL:     6   Next: 30%
MP:   5/5           EV: 11    Int:  6    God:
Gold: 91            SH:  0    Dex: 14    Spells: 5/5 levels left

rFire   + . .      SeeInvis .   f - +0 flail
rCold   . . .      Faith    .   (no shield)
rNeg    . . .      Spirit   .   v - +0 robe {rF+}
rPois   .          Reflect  .   (helmet restricted)
rElec   .          Harm     .   (no cloak)
rCorr   .          Rampage  .   (gloves unavailable)
Will    .....                   (boots unavailable)
Stlth   ++........              (no amulet)
HPRegen 0.89/turn               (no ring)
MPRegen 0.09/turn               (no ring)

@: extremely drained
A: large, unfitting armour, claws 3, regeneration 1, shaggy fur 1, tough skin 1
a: no special abilities


You were on level 3 of the Dungeon.
You visited 1 branch of the dungeon, and saw 4 of its levels.

You collected 91 gold pieces.

Inventory:

Hand Weapons
 a - a +0 mace
 c - a +0 hand axe of freezing
 f - a +0 flail (weapon)
 s - a +1 dagger of electrocution
Missiles
 e - 108 stones (quivered)
 o - 28 bolts
 p - 37 arrows
 w - 22 sling bullets
 x - 3 atropa-tipped darts
Armour
 b - a +0 robe
 v - a +0 robe of fire resistance (worn)
Magical Staves
 t - a staff of cold
Wands
 r - a wand of flame (28)
Scrolls
 d - a scroll of vulnerability
 h - a scroll of teleportation
 j - a scroll of enchant armour
 l - a scroll of enchant weapon
 n - a scroll of fear
Potions
 g - 2 potions of curing {unknown}
 i - 2 potions of lignification {unknown}
 k - 2 potions of brilliance {unknown}
 m - 2 potions of resistance {unknown}
 q - 2 potions of heal wounds {unknown}
 u - a potion of might {unknown}


   Skills:
 + Level 3.5 Fighting
 + Level 4.8 Maces & Flails
 + Level 3.6 Dodging
 + Level 1.2 Stealth


You had 5 spell levels left.
You didn't know any spells.
Your spell library contained the following spells:

 Spells                   Type           Power      Damage    Failure   Level
 Animate Skeleton         Necr           0%         N/A       45%         1
 Magic Dart               Conj           0%         1d3       45%         1
 Pain                     Necr           0%         1d4       45%         1
 Call Imp                 Summ           0%         N/A       58%         2
 Mephitic Cloud           Conj/Pois/Air  0%         N/A       83%         3
 Vampiric Draining        Necr           0%         2d6       83%         3


Dungeon Overview and Level Annotations

Branches:
Dungeon (4/15)
 Temple: D:4-7

Altars:
Wu Jian

Annotations:
D:3 1 runed translucent door, Crazy Yiuf, Edmund
D:4 Eustachio


Innate Abilities, Weirdness & Mutations

You are too large for most types of armour.
You have claws for hands.
Your natural rate of healing is unusually fast.
You are covered in fur. (AC +1)
You have tough skin. (AC +1)


Message History

Edmund says, "I'm quite good with sums, too."
Edmund hits you with a +0 flail of draining.
You feel drained.
You sock Edmund!
Edmund is severely wounded.
Edmund barely misses you.
You hit Edmund but do no damage.
Edmund is severely wounded.
Edmund hits you with a +0 flail of draining!
You feel drained.
Edmund hits you with a +0 flail of draining!
* * * LOW HITPOINT WARNING * * *
You feel drained.
* * * LOW HITPOINT WARNING * * *
Edmund grinds his teeth, and then sighs.
You closely miss Edmund.
Edmund is severely wounded.
Edmund hits you with a +0 flail of draining!
You feel drained.
You hit Edmund but do no damage.
Edmund is severely wounded.
Edmund barely misses you.
You barely miss Edmund.
Edmund is severely wounded.
Edmund hits you with a +0 flail of draining.
You feel drained.
Edmund says, "People think my brother is the best.
I think he's crazy."
You hit Edmund but do no damage.
Edmund is severely wounded.
Edmund completely misses you.
You hit Edmund.
Edmund is severely wounded.
Edmund hits you with a +0 flail of draining!
You feel drained.
Edmund hits you with a +0 flail of draining.
You feel drained.
You closely miss Edmund.
Edmund is severely wounded.
Edmund hits you with a +0 flail of draining!
You die...

..................## ##....#....
............##.##..# #....#....
.........#......##.#####........#
.......###....#.##....#.....##.##
#......####...#.##...............
..##...##..)).......#...###......
.###...##.#)>.###.[..............
........#.##.###.................
......#...##.###@..........#.....
.#.#....#....#.@...........#.....
......................##...#.....
....#######....##.#..###..#######
...####......####.....##.####...#
.........###.# ##.....#......#..
...####### #.# #<........######.
...# #.####.#.....#......#. ...#
#.##...#...###########


You could see Edmund.

Vanquished Creatures
  A phantom (D:4)
  A gnoll shaman (D:3)
  An iguana (D:3)
  2 hound skeletons (D:4)
  Robin (D:3)
  4 gnolls
  5 adders
  A worm (D:2)
  4 dart slugs
  2 orcs (D:3)
  6 endoplasms
  4 giant cockroaches
  14 goblins
  8 hobgoblins
  3 jackals (D:3)
  A quokka (D:1)
  8 ball pythons
  3 bats
  4 frilled lizards
  A kobold (D:1)
  5 rats
79 creatures vanquished.

Vanquished Creatures (others)
  5 fungi (D:3)
  9 plants (D:4)
14 creatures vanquished.

Grand Total: 93 creatures vanquished

Notes
Turn   | Place    | Note
-------+----------+-------------------------------------------
     0 | D:1      | issech the Troll Monk began the quest for the Orb.
     0 | D:1      | Reached XP level 1. HP: 22/22 MP: 0/0
   116 | D:1      | Reached XP level 2. HP: 29/29 MP: 1/1
   244 | D:1      | Reached skill level 3 in Maces & Flails
   733 | D:1      | Reached XP level 3. HP: 32/36 MP: 2/2
   889 | D:2      | Found an ornate altar of the Wu Jian Council.
  1473 | D:3      | Noticed Robin
  1489 | D:3      | Reached XP level 4. HP: 41/44 MP: 3/3
  1536 | D:3      | HP: 2/44 [Robin (4)]
  1537 | D:3      | Killed Robin
  1734 | D:3      | Reached skill level 4 in Maces & Flails
  2143 | D:3      | Found a runed translucent door.
  2144 | D:3      | Noticed Crazy Yiuf
  2234 | D:4      | Noticed Edmund
  2602 | D:3      | Reached XP level 5. HP: 38/53 MP: 4/4
  3052 | D:4      | Noticed a phantom
  3105 | D:4      | Noticed Eustachio
  3106 | D:4      | Killed a phantom
  3107 | D:4      | Reached XP level 6. HP: 25/61 MP: 5/5
  3286 | D:3      | Slain by Edmund

Illustrated notes

Levels and vault maps discovered:
D:1:      dpeg_arrival_more_subterranean_lakeside_camping, layout_basic
D:2:      wander_river, layout_rooms, basic_altar, item_on_display_a
D:3:      minmay_angry_zag, layout_rooms, uniq_crazy_yiuf_cottage, uniq_robin
D:4:      layout_rooms, serial_rivers, chequers_serial_rivers_small_b,
          chequers_serial_rivers_small_3, chequers_serial_rivers_large_a,
          chequers_serial_rivers_micro_b, chequers_serial_rivers_micro_c,
          grunt_decor_fettered, minmay_misc_feat_alley, nicolae_specific_store,
          minmay_lizard_king, uniq_edmund, uniq_eustachio

Skill      XL: |  1  2  3  4 |
---------------+-------------+-----
Maces & Flails | 3 4 |  4.8
Dodging        | 3 |  3.6
Fighting       | 3 |  3.5
Stealth        | |  1.2

Action                   |  1- 3 |  4- 6 || total
-------------------------+-------+-------++-------
Melee: Mace              |   127 |   131 ||   258
       Punch             |       |     4 ||     4
       Flail             |       |   126 ||   126
  Use: Scroll            |     2 |     3 ||     5
Armor: Robe              |    40 |    97 ||   137
Dodge: Dodged            |    69 |   184 ||   253
